 Dungeon Crawl Stone Soup version 0.18-a0-596-g6468885 (webtiles) character file.

496 Duffy the Cleaver (level 6, -2/82 HPs)
             Began as a Deep Dwarf Berserker on Dec 3, 2015.
             Was a Believer of Trog.
             Slain by an ogre
             ... wielding a +0 giant club
              (22 damage)
             ... on level 5 of the Dungeon.
             The game lasted 00:06:27 (2310 turns).

Duffy the Cleaver (Deep Dwarf Berserker)            Turns: 2310, Time: 00:06:27

Health: -2/82      AC:  6    Str: 26    XL:     6   Next: 93%
Magic:  4/4        EV: 11    Int:  5    God:    Trog [**....]
Gold:   343        SH:  0    Dex: 14    Spells: 0 memorised, 5 levels left

rFire  + . .     SeeInvis .     a - +0 hand axe
rCold  . . .     Clarity  .     n - +0 scale mail
rNeg   . . .     SustAt   .     (no shield)
rPois  .         Gourm    .     (no helmet)
rElec  .         Spirit   .     (no cloak)
rCorr  .         Dismiss  .     (no gloves)
rMut   .         Stasis   .     (no boots)
MR     .....                    g - amulet of faith
Stlth  ..........               E - ring of protection from fire
                                z - -2 ring of intelligence (curse)

@: berserking, non-regenerating, very quick, not resistant to hostile
enchantments, extremely unstealthy
A: damage resistance, recharge devices, sense surroundings 1, slow regeneration
3
a: Device Recharging, Berserk, Trog's Hand, Burn Spellbooks, Renounce Religion


You were on level 5 of the Dungeon.
You worshipped Trog.
Trog was pleased with you.
You were hungry.

You visited 1 branch of the dungeon, and saw 5 of its levels.
You also visited: Ossuary.

You collected 343 gold pieces.


Innate Abilities, Weirdness & Mutations

You are resistant to damage.
You can recharge devices by infusing magical energy.
You passively map a small area around you.
You do not regenerate naturally.


   Skills:
 - Level 2.8 Fighting
 + Level 8.4 Axes
 - Level 2.4 Armour
 - Level 2.4 Dodging
 + Level 1.0 Evocations


You had 5 spell levels left.
You didn't know any spells.

Inventory:

Hand Weapons
 a - a +0 hand axe (weapon)
Missiles
 i - 19 poisoned needles
 r - 6 javelins (quivered)
Armour
 b - a +0 animal skin
 h - a +0 ring mail
 n - a +0 scale mail (worn)
Jewellery
 g - an amulet of faith (around neck)
 k - an uncursed amulet of stasis {unknown}
 z - a cursed -2 ring of intelligence (left hand)
 D - an uncursed amulet of resist corrosion {unknown}
 E - a ring of protection from fire (right hand)
Wands
 c - a wand of heal wounds (7)
Scrolls
 e - a scroll of magic mapping
 o - 7 scrolls of remove curse
 p - a scroll of fog {unknown}
 q - a scroll of teleportation
 u - a scroll of amnesia {unknown}
 w - a scroll of enchant armour {unknown}
 y - a scroll of immolation {unknown}
Potions
 f - 2 potions of brilliance
 l - 2 potions of cure mutation
 m - 2 potions of curing {unknown}
 s - 2 potions of degeneration {unknown}
 t - 3 potions of heal wounds {unknown}
 v - a potion of mutation {unknown}
 x - a potion of haste
 A - a potion of flight {unknown}
 C - a potion of lignification {unknown}
Comestibles
 d - 2 bread rations
 j - a royal jelly
 B - 2 chunks of flesh

Dungeon Overview and Level Annotations

Branches:
Dungeon (5/15)             Temple (0/1) D:5

Altars:
Kikubaaqudgha

Shops:
D:4 :

Annotations:
D:2 Natasha
D:3 Grinder


Message History

You hit the crimson imp.
You kill the crimson imp!
Trog accepts your kill.
Your Evocations skill increases to level 1!
You swing at nothing.
You swing at nothing.
You swing at nothing.
You swing at nothing.
You swing at nothing.
You swing at nothing.
You swing at nothing.
You swing at nothing.
You swing at nothing.
You swing at nothing.
You swing at nothing.
You swing at nothing.
You swing at nothing.
You swing at nothing.
E - an ivory ring You see here 17 stones.
You see here a stone.
An ogre comes into view. It is wielding a giant club.
Put on which piece of jewellery? (? for menu, Esc to quit)
E - a ring of protection from fire (right hand)
The ogre shouts!
A red film seems to cover your vision as you go berserk!
You feel yourself moving faster!
You feel mighty!
You are feeling hungry.
You barely miss the ogre. The ogre hits you with a giant club!!
You slash the ogre!
The ogre is moderately wounded.
You slash the ogre!
The ogre is heavily wounded.
The ogre hits you with a giant club!!
You die...

,,,,,*,* ##.#..# #.. ****,,,*
#.#..# #.. * **,*********##.#..#
#.. * *,,,,,,,,,,......# ##.. **
********####..##.# ###... ,*
#........# #..... ,* #.##..#***
#.#... ,* #.##O.# #.##.. ,*
####...@.##### #.###. ,*******
#............# #.# #. ,,,,,,,*
#..#<#(..###.# #.# #. ,*****,*
#.>#.##.## #.# #.# #. ,* *,*
#..#.##.# #(# #.# #. ,*
#.###...#.#.####(######.# #. ,*
#......###.((..(........###.
,**#######...#.#.####.####..[....
,,,..............# #.# ########


You could see an ogre.

Action                   |  1- 3 |  4- 6 || total
-------------------------+-------+-------++-------
Melee: Hand axe          |   105 |   171 ||   276
Invok: Berserk           |     3 |     7 ||    10
 Abil: Device Recharging |       |     2 ||     2
Evoke: Wand              |       |     5 ||     5
  Use: Scroll            |       |     6 ||     6
  Eat: Chunk             |     2 |     5 ||     7
       Royal jelly       |       |     1 ||     1
       Meat ration       |       |     1 ||     1

Notes
Turn   | Place    | Note
--------------------------------------------------------------
     0 | D:1      | Duffy the Deep Dwarf Berserker began the quest for the Orb.
     0 | D:1      | Reached XP level 1. HP: 20/20 MP: 1/1
   233 | D:1      | Reached XP level 2. HP: 25/27 MP: 2/2
   601 | D:2      | Found a faded altar to an unknown god.
   641 | D:2      | Noticed Natasha
   790 | D:3      | Reached skill level 4 in Axes
   808 | D:3      | Found an ancient bone altar of Kikubaaqudgha.
   833 | D:3      | Noticed Grinder
   848 | D:3      | Paralysed by Grinder for 3 turns
   899 | D:3      | Reached ** piety under Trog
   899 | D:3      | Reached XP level 3. HP: 25/33 MP: 3/3
   942 | D:4      | Found a sand-covered staircase.
   950 | Ossuary  | Entered an ossuary
  1003 | Ossuary  | Reached skill level 5 in Axes
  1053 | Ossuary  | Reached XP level 4. HP: 40/40 MP: 4/4
  1221 | Ossuary  | Reached skill level 6 in Axes
  1221 | Ossuary  | Reached XP level 5. HP: 6/48 MP: 5/5
  1572 | D:4      | Found Totadech's Book Emporium.
  1594 | D:4      | Reached skill level 7 in Axes
  1809 | D:5      | Entered Level 5 of the Dungeon
  1964 | D:5      | Reached XP level 6. HP: 26/55 MP: 6/6
  2189 | D:5      | Noticed Eustachio
  2215 | D:5      | Killed Eustachio
  2215 | D:5      | Reached skill level 8 in Axes
  2279 | D:5      | Reached skill level 1 in Evocations
  2310 | D:5      | Slain by an ogre

Vault maps used:
D:1:      tarquinn_simple_flora_water_a
D:2:      amethyst_overflow_temple_binary, ecumenical_altar_2, first_bread,
          uniq_terence, uniq_sigmund, uniq_natasha
D:3:      lemuel_doored_altar, lemuel_zombie_altar_kikubaaqudgha,
          grunt_decor_cap, uniq_grinder, uniq_jessica
D:4:      serial_shops, nicolae_shop_stone, enter_ossuary_2, grunt_ministairs_3
D:5:      marbit_many_paths, temple_pool_b, serial_park_tiny_2, uniq_eustachio
Ossuary:  ossuary_tomb_3

Vanquished Creatures
  Eustachio
  2 crimson imps
  2 hounds
  An iguana
  An orc wizard
  A hound skeleton
  8 mummies
  An adder
  A worm
  3 giant geckos
  6 orcs
  2 ball pythons
  A bat
  2 bat zombies
  2 giant cockroaches
  2 hobgoblins
  A jackal
  A giant cockroach zombie
  4 giant newts
  2 gnoll zombies
  5 goblins
  2 hobgoblin zombies
  A kobold
  2 kobold zombies
  2 orc zombies
  5 rats
  2 rat zombies
63 creatures vanquished.
